 Dungeon Crawl Stone Soup version 0.27.1-4-g1640c2035a (webtiles) character file.

Game seed: 3055887781242051511

4 zeram the Sneak (level 1, -3/9 HPs)
             Began as a Spriggan Enchanter on Nov 15, 2021.
             Killed from afar by a dart slug (6 damage)
             ... with a slug dart
             ... on level 1 of the Dungeon.
             The game lasted 00:01:35 (553 turns).

zeram the Sneak (Spriggan Enchanter)                 Turns: 553, Time: 00:01:36

Health: -3/9       AC:  2    Str:  4    XL:     1   Next: 58%
Magic:  4/5        EV: 17    Int: 16    God:
Gold:   42         SH:  0    Dex: 15    Spells: 4/5 levels left

rFire    . . .     SeeInvis +   a - +1 dagger
rCold    . . .     Faith    .   (shield restricted)
rNeg     . . .     Spirit   .   b - +0 robe
rPois    .         Reflect  .   (helmet restricted)
rElec    .         Harm     .   (no cloak)
rCorr    .         Rampage  .   (gloves unavailable)
Will     .....                  (boots unavailable)
Stlth    +++.......             (no amulet)
HPRegen  0.03/turn              (no ring)
MPRegen  0.09/turn              (no ring)

@: very quick
A: very small, no large weapons, unfitting armour, see invisible, speed 3
a: no special abilities


You were on level 1 of the Dungeon.
You visited 1 branch of the dungeon, and saw 1 of its levels.

You collected 42 gold pieces.

Inventory:

Hand Weapons
 a - a +1 dagger (weapon)
Armour
 b - a +0 robe (worn)
Scrolls
 c - a scroll of identify
Potions
 e - a potion of invisibility


   Skills:
 - Level 1.1 Short Blades
 + Level 2.7 Dodging
 + Level 4.6 Stealth
 + Level 2.8 Spellcasting
 + Level 3.8 Hexes


You had 4 spell levels left.
You knew the following spells:

 Your Spells              Type           Power      Damage    Failure   Level
a - Corona                Hex            15%        N/A       4%          1

Your spell library contained the following spells:

 Spells                   Type           Power      Damage    Failure   Level
 Confusing Touch          Hex            14%        N/A       12%         3
 Tukima's Dance           Hex            14%        N/A       12%         3
 Ensorcelled Hibernation  Hex/Ice        16%        N/A       13%         2
 Dazzling Flash           Conj/Hex       16%        N/A       26%         3
 Sublimation of Blood     Necr           1%         N/A       28%         2
 Petrify                  Tmut/Erth      2%         N/A       88%         4
 Irradiate                Conj/Tmut      1%         3d13      99%         5


Dungeon Overview and Level Annotations

Branches:
Dungeon (1/15)

Altars:


Innate Abilities, Weirdness & Mutations

You are very small and have problems with some larger weapons.
You are too small for most types of armour.
You have supernaturally acute eyesight. (SInv)
You cover ground extremely quickly. (Speed+++)


Message History

You start resting.
HP restored.
You open the door.
There is an open door here.
You open the door.
There is an open door here.
There is an open door here.
A dart slug comes into view.
Found a mace.
The dart slug launches a dart at you. The slug dart misses you.
You hit the dart slug but do no damage. The dart slug bites you.
You hit the dart slug.
The dart slug is lightly wounded.
The dart slug launches a dart at you. The slug dart hits you.
Ouch! That really hurt!
Casting: Corona (safe; 4% risk of failure)
Confirm with . or Enter, or press ? or * to list all spells.
You don't know that spell.
Casting: Corona (safe; 4% risk of failure)
Confirm with . or Enter, or press ? or * to list all spells.
Aiming: Corona (safe; 4% risk of failure)
Press: ? - help, Shift-Dir - straight line, f - dart slug
Aim: a dart slug (lightly wounded, chance to affect: 68%)
The dart slug is outlined in light.
You hit the dart slug.
The dart slug is moderately wounded.
The dart slug closely misses you.
You hit the dart slug but do no damage.
The dart slug is moderately wounded.
The dart slug barely misses you.
You hit the dart slug.
The dart slug is heavily wounded.
You hit the dart slug.
The dart slug is severely wounded.
The dart slug launches a dart at you. The slug dart hits you.
Ouch! That really hurt!
You die...

...#############.......#
...# #######.......#
...# #.............#
#### #.............# #
#.............+ ### #
#######.......# #.. #
#.........# ####.8
#.....##### #≈§≈..
#..@..# #≈≈≈≈. #.w...#
#>≈≈≈. #.....# #≈≈≈≈.
#....)# #≈≈≈.. #######
####.8 #.. ###


You could see a dart slug (corona).

Vanquished Creatures
  An endoplasm (D:1)
  2 bats (D:1)
  A goblin (D:1)
  A kobold (D:1)
5 creatures vanquished.

Notes
Turn   | Place    | Note
-------+----------+-------------------------------------------
     0 | D:1      | zeram the Spriggan Enchanter began the quest for the Orb.
     0 | D:1      | Reached XP level 1. HP: 9/9 MP: 5/5
   553 | D:1      | Killed from afar by a dart slug

Illustrated notes

Levels and vault maps discovered:
D:1:      grunt_arrival_lava_bath, layout_basic

Action                   || total
-------------------------++-------
Melee: Dagger            ||    32
 Cast: Corona            ||     2
  Use: Scroll            ||     2
 Stab: Sleeping          ||     1
Armor: Robe              ||     4
Dodge: Dodged            ||    31
